 Dungeon Crawl Stone Soup version 0.32-a0-540-g866d13106e (webtiles) character file.

Game seed: 2557552462350380862

7460 Dordric the Arsonist (level 10, -3/69 HPs)
             Began as a Mountain Dwarf Fire Elementalist on Feb 29, 2024.
             Was an Elder of Zin.
             Succumbed to a hornet's poison
             ... on level 9 of the Dungeon.
             The game lasted 00:22:31 (12048 turns).

Dordric the Arsonist (MDFE)                        Turns: 12048, Time: 00:22:32

Health: -3/69      AC: 20    Str: 13    XL:     10   Next: 94%
Magic:  15/19      EV:  4    Int: 18    God:    Zin [****..]
Gold:   473        SH:  0    Dex: 15    Spells: 6/21 levels left

rFire   + . .        w - +2 hand axe (elec)
rCold   x . .        (no shield)
rNeg    . . .        L - +0 plate armour
rPois   .            (no helmet)
rElec   .            G - +0 cloak
rCorr   .            E - +0 pair of gloves
SInv    .            P - +2 pair of boots "Locsix Deugg" {Dex+5}
Will    +....        c - amulet of regeneration Stlth
                     A - ring of fire
HPRegen 1.11/turn    B - ring of wizardry
MPRegen 0.16/turn

%: wizardry (x1)
@: lethally poisoned (-3 -> -10)
A: runic magic, artefact enchanting
a: Renounce Religion, Recite, Vitalisation, Imprison, Donate Gold


You were on level 9 of the Dungeon.
You worshipped Zin.
Zin was greatly pleased with you.
You visited 2 branches of the dungeon, and saw 10 of its levels.
You also visited: Sewer.

You collected 525 gold pieces.
You donated 52 gold pieces to Zin.

Inventory:

Hand Weapons
 k - a +0 whip
 w - a +2 hand axe of electrocution (weapon)
Armour
 a - a +0 robe
 b - a +2 robe of fire resistance
 e - a +0 chain mail
 h - a +0 ring mail
 r - a +0 pair of boots
 E - a +0 pair of gloves (worn)
 G - a +0 cloak (worn)
 L - a +0 plate armour (worn)
 P - the +2 pair of boots "Locsix Deugg" (worn) {Dex+5}
   (You found it on level 8 of the Dungeon)

   Dex+5:     It affects your dexterity (+5).
Jewellery
 c - an amulet of regeneration (around neck)
 u - an amulet of guardian spirit
 y - a ring of protection from cold
 A - a ring of fire (left hand)
 B - a ring of wizardry (right hand)
 R - a ring of flight
Wands
 s - a wand of paralysis (16)
 z - a wand of flame (14)
 N - a wand of mindburst (36)
Scrolls
 g - 3 scrolls of immolation
 i - 2 scrolls of poison
 l - 4 scrolls of revelation
 m - a scroll of fear
 n - a scroll of fog
 o - 3 scrolls of blinking
 F - a scroll of amnesia
 H - a scroll of enchant weapon
 M - a scroll of vulnerability
Potions
 d - 2 potions of degeneration
 j - 2 potions of lignification {unknown}
 p - a potion of invisibility {unknown}
 q - 2 potions of ambrosia
 t - a potion of attraction {unknown}
 v - 4 potions of magic
 C - a potion of enlightenment {unknown}
 D - 2 potions of heal wounds {unknown}
 J - 2 potions of brilliance {unknown}
 K - a potion of mutation {unknown}
 O - a potion of might {unknown}
 Q - a potion of haste {unknown}


   Skills:
 + Level 8.8 Armour
 - Level 1.3 Dodging
 - Level 1.4 Stealth
 - Level 6.1 Spellcasting
 - Level 0.8 Conjurations
 + Level 13.6 Fire Magic
 + Level 8.8 Invocations


You had 6 spell levels left.
You knew the following spells:

 Your Spells              Type           Power      Damage    Failure   Level
a - Foxfire               Conj/Fire      100%       2x1d9     1%          1
b - Scorch                Fire           100%       2d9       1%          2
c - Inner Flame           Hex/Fire       45%        N/A       2%          3
d - Volatile Blastmotes   Fire/Tloc      90%        2d17      2%          3
e - Flame Wave            Conj/Fire      47%        2d12      7%          4
f - Blink                 Tloc           10%        N/A       21%         2

Your spell library contained the following spells:

 Spells                   Type           Power      Damage    Failure   Level
 Magic Dart               Conj           32%        1d4       10%         1
 Call Imp                 Summ           10%        N/A       21%         2
 Jinxbite                 Hex            10%        N/A       21%         2
 Dazzling Flash           Conj/Hex       14%        N/A       32%         3
 Fugue of the Fallen      Necr           5%         N/A       36%         3
 Ozocubu's Armour         Ice            5%         N/A       36%         3
 Tukima's Dance           Hex            5%         N/A       36%         3
 Starburst                Conj/Fire      23%        6d8       67%         6
 Iskenderun's Mystic Bla  Conj/Tloc      7%         2d4       69%         4
 Dimensional Bullseye     Hex/Tloc       2%         N/A       75%         4
 Manifold Assault         Tloc           5%         N/A       75%         4
 Yara's Violent Unravell  Hex/Alch       2%         3d3       97%         5
 Summon Cactus Giant      Summ           2%         N/A       100%        6
 Enfeeble                 Hex            2%         N/A       100%        7
 Maxwell's Capacitive Co  Air            2%         ∞         100%        8


Dungeon Overview and Level Annotations

Branches:
Dungeon (9/15)             Temple (1/1) D:6           Sewer (visited)
   Lair: D:8-11         Orc: D:9-12

Altars:
Ashenzari
Dithmenos
Fedhas
Gozag
Hepliaklqana
Kikubaaqudgha
Nemelex Xobeh
Okawaru
Qazlal
Ru
Sif Muna
Trog
Uskayaw
Vehumet
Wu Jian
Xom
Yredelemnul
Zin
The Shining One
Ignis


Innate Abilities, Weirdness & Mutations

Your spellcasting is much less encumbered by armour.
You can use scrolls of enchantment on lesser artefacts.


Message History

You feel extremely sick. The hornet stings you!
* * * LOW HITPOINT WARNING * * *
You shrug off the repeated paralysis!
You can move again.
Unknown command.
You feel better.
You feel yourself speed up. The hornet barely misses you.
The hornet stings you!
* * * LOW HITPOINT WARNING * * *
You are poisoned.
You shrug off the repeated paralysis!
Magic courses through your body.
You feel very sick.
The gnoll is no longer more vulnerable to fire.
The hornet stings you but does no damage.
The hornet stings you.
* * * LOW HITPOINT WARNING * * *
You are lethally poisoned!
You feel yourself slow down.
You are too injured to fight recklessly!
Casting: Scorch (safe; 1% risk of failure)
Confirm with . or Enter, or press ? or * to list all spells.
Casting: Flame Wave (dangerous; 7% risk of failure)
Press: ? - help, Dir - look around, f - activate You feel a surge of power!
A wave of flame ripples out!
The flame wave engulfs the hornet but does no damage.
The hornet is severely wounded. (Press . to intensify the flame waves.)
* * * LOW HITPOINT WARNING * * *
You feel extremely sick.
You hear a shout!
The hornet stings you but does no damage. x2
A wave of flame ripples out!
The flame wave engulfs the hornet but does no damage.
The hornet is severely wounded.
The flame wave engulfs the gnoll!!
You kill the gnoll!
You feel yourself speed up.
You die...

.....# ..... .....###
#.. .......# .
......#. ß. ....###
... ..#.# ### ##..
.#.## #.##)g ####
##### #..y#### #
###...### #.@)...# #
#.#.....###).....# #
#.....###..).....# #
###>..###)##.....#
#########.#.#[.#.#####
##..##...#.#..####
..#..###.....##
.#...#.......#
.###........##


You could see a hornet and a gnoll (swift).

Vanquished Creatures
  An orange demon (D:9)
  A polar bear (D:8)
  Prince Ribbit (D:5)
  Sigmund (D:2)
  3 wyverns
  2 yaks (D:8)
  A vampire (D:9)
  An unseen horror simulacrum (D:8)
  2 steam dragons
  2 water moccasins
  4 orc warriors
  2 ice beasts (D:8)
  3 black bears
  3 sky beasts (D:7)
  3 wolves (D:8)
  4 ogres
  2 phantoms
  A centaur (D:3)
  Blork the orc (D:4)
  4 kobold brigands
  5 bullfrogs
  5 scorpions
  10 wights (D:7)
  11 killer bees
  An electric eel (D:8)
  5 howler monkeys
  3 bombardier beetles
  3 gnoll boudas
  An orc priest (D:8)
  A hound (D:5)
  3 jellies
  4 iguanas
  Jessica (D:2)
  Ijyb (D:4)
  6 orc wizards
  A hell rat (Sewer)
  2 centaur simulacra (D:8)
  A killer bee simulacrum (D:8)
  11 gnolls
  10 adders
  2 river rats
  2 white imps
  An ufetubus (D:8)
  A dart slug (D:1)
  2 ribbon worms
  45 orcs
  6 endoplasms
  5 giant cockroaches
  20 goblins
  10 hobgoblins
  2 jackals (D:5)
  4 quokkas
  10 ball pythons
  5 bats
  6 frilled lizards
  28 kobolds
  14 rats
290 creatures vanquished.

Vanquished Creatures (others)
  2 orc wizards
  An orc (D:8)
  119 foxfires
122 creatures vanquished.

Grand Total: 412 creatures vanquished

Notes
Turn   | Place    | Note
-------+----------+-------------------------------------------
     0 | D:1      | Dordric the Mountain Dwarf Fire Elementalist began the
                  | quest for the Orb.
     0 | D:1      | Reached XP level 1. HP: 14/14 MP: 3/3
   117 | D:1      | Reached skill level 4 in Fire Magic
   191 | D:1      | Reached XP level 2. HP: 20/20 MP: 2/4
   372 | D:1      | Learned a level 2 spell: Scorch
   667 | D:1      | Reached skill level 5 in Fire Magic
   831 | D:1      | Reached XP level 3. HP: 26/26 MP: 2/5
  1563 | D:2      | HP: 1/26 [orc/+0 hand axe (5)]
  1568 | D:2      | Reached XP level 4. HP: 10/33 MP: 7/7
  2510 | D:2      | Noticed Sigmund
  2531 | D:2      | Killed Sigmund
  2532 | D:2      | Reached skill level 6 in Fire Magic
  2532 | D:2      | Reached XP level 5. HP: 10/38 MP: 5/10
  2532 | D:2      | Reached XP level 6. HP: 11/45 MP: 5/11
  2839 | D:2      | Noticed Jessica
  2841 | D:2      | Killed Jessica
  3021 | D:3      | Reached skill level 7 in Fire Magic
  3191 | D:3      | Found a glowing drain.
  3291 | Sewer    | Entered a sewer
  3679 | D:3      | Found a faded altar of an unknown god.
  3943 | D:3      | Learned a level 3 spell: Inner Flame
  3947 | D:3      | Learned a level 3 spell: Volatile Blastmotes
  4450 | D:3      | Reached XP level 7. HP: 50/50 MP: 6/13
  4852 | D:4      | Reached skill level 8 in Fire Magic
  4935 | D:4      | Noticed Ijyb
  4942 | D:4      | Killed Ijyb
  5460 | D:4      | Noticed Blork the orc
  5464 | D:4      | Killed Blork the orc
  5465 | D:4      | Reached skill level 5 in Spellcasting
  5904 | D:5      | Entered Level 5 of the Dungeon
  5909 | D:5      | Reached skill level 9 in Fire Magic
  5909 | D:5      | Reached XP level 8. HP: 38/57 MP: 5/16
  6065 | D:5      | Found a stormy altar of Qazlal.
  6204 | D:5      | Noticed Prince Ribbit
  6208 | D:5      | Killed Prince Ribbit
  6327 | D:5      | Reached skill level 1 in Armour
  6327 | D:5      | Reached skill level 10 in Fire Magic
  6703 | D:5      | Found a sacrificial altar of Ru.
  7297 | D:6      | Reached XP level 9. HP: 58/62 MP: 11/18
  7452 | D:6      | Reached skill level 11 in Fire Magic
  7588 | D:6      | Found a staircase to the Ecumenical Temple.
  7598 | Temple   | Entered the Ecumenical Temple
  7692 | Temple   | Became a worshipper of Zin the Law-Giver
  7692 | Temple   | Reached * piety under Zin
  8013 | D:7      | Reached skill level 1 in Invocations
  8117 | D:7      | Reached skill level 5 in Armour
  8294 | D:7      | Learned a level 4 spell: Flame Wave
  8297 | D:7      | Learned a level 2 spell: Blink
  8578 | D:7      | Reached ** piety under Zin
  8658 | D:7      | Found an ancient bone altar of Kikubaaqudgha.
  8690 | D:7      | Found a broken altar of Ashenzari.
  8861 | D:7      | Reached skill level 12 in Fire Magic
  9047 | D:7      | Found a hide-covered altar of Uskayaw.
  9050 | D:7      | Reached skill level 5 in Invocations
  9075 | D:7      | Found a radiant altar of Vehumet.
  9683 | D:8      | Reached XP level 10. HP: 69/69 MP: 12/19
 10013 | D:8      | Identified the +2 pair of boots "Locsix Deugg" {Dex+5}
 10454 | D:8      | Reached *** piety under Zin
 10808 | D:8      | Reached skill level 13 in Fire Magic
 11386 | D:9      | Noticed a rust devil
 11391 | D:9      | Noticed an orange demon
 11634 | D:9      | Killed an orange demon
 11737 | D:9      | Reached **** piety under Zin
 11865 | D:9      | Found a shimmering blue altar of Sif Muna.
 12043 | D:9      | Paralysed by a hornet for 2 turns
 12047 | D:9      | HP: 1/69 [poisoned by a hornet]
 12048 | D:9      | Succumbed to a hornet's poison

Illustrated notes

Levels and vault maps discovered:
D:1:      scummos_arrival_simple_crosswalls, layout_basic, grunt_decor_junction
D:2:      layout_loops_ring, lexackson_kobold_supper, uniq_sigmund, uniq_jessica
D:3:      cheibrodos_greedy_goblins, layout_loops_ring,
          shapermc_ecumenical_altar_totnotflames, gup_sewer_entry_bubbles,
          minmay_misc_feat_columns
D:4:      layout_cave_pools, kennysheep_generic_room_10, uniq_blork_the_orc,
          uniq_ijyb
D:5:      layout_rooms, marbit_many_paths, nicolae_qazlal_scattered_showers,
          serial_curves, eino_curves_02, eino_curves_02, uniq_prince_ribbit1
D:6:      wad_lake_hut, layout_cave_pools, minmay_temple_entry_crystal_x
D:7:      layout_gridville, kennysheep_mini_moat, mainiacjoe_overflow_24_doors,
          jmf_multi_god_temple2, minmay_quadrilaterals
D:8:      cheibrodos_helix_gallery, layout_loops_cross, enter_bailey_3,
          serial_ice, serial_ice_c, serial_ice_f, serial_ice_e, serial_ice_o,
          special_room [special_room_orc]
D:9:      layout_big_octagon, gammafunk_temple_overflow_claw,
          nicolae_sif_muna_condensation, serial_demonic, serial_demonic_f,
          serial_demonic_b, serial_demonic_g, serial_demonic_b,
          minmay_shop_damaged, st_stairs_1, nicolae_shop_i_like_small_books_too,
          hangedman_minor_magic
Temple:   pdpol_scorched_temple

Skill      XL: |  1  2  3  4  5  6  7  8  9 10 |
---------------+-------------------------------+-----
Fire Magic     | 4 5 6 7 9 10 12 13 | 13.6
Spellcasting   | 2 3 4 5 6 |  6.1
Armour         | 3 6 8 |  8.8
Invocations    | 5 8 |  8.8
Dodging        | |  1.3
Stealth        | |  1.4
Conjurations   | |  0.8

Action                     |  1- 3 |  4- 6 |  7- 9 | 10-12 || total
---------------------------+-------+-------+-------+-------++-------
  Melee: Unarmed           |    61 |       |       |       ||    61
         Whip              |     9 |    35 |       |       ||    44
         Punch             |     1 |       |       |       ||     1
         Hand axe          |       |       |     2 |   122 ||   124
   Cast: Foxfire           |    23 |    12 |    26 |     8 ||    69
         Scorch            |    30 |    58 |   110 |    66 ||   264
         Inner Flame       |       |       |    17 |    13 ||    30
         Flame Wave        |       |       |    11 |    10 ||    21
         Blink             |       |       |       |     1 ||     1
    Use: Potion            |     5 |     1 |       |     2 ||     8
         Scroll            |       |     5 |     5 |     4 ||    14
 Armour: Robe              |    17 |       |       |       ||    17
         Ring mail         |    51 |    16 |       |       ||    67
         Chain mail        |       |    43 |    61 |       ||   104
         Plate armour      |       |       |    37 |   280 ||   317
  Dodge: Dodged            |    54 |    19 |    32 |    46 ||   151

Table legend: (Time is in decaauts)
 A = Elapsed time spent in this place.
 B = Non-inter-level travel time spent in this place.
 C = Inter-level travel time spent in this place.
 D = Time resting spent in this place.
 E = Time spent auto-exploring this place.
 F = Levels seen in this place.
 G = Mean time per level.
                   A        B        C        D        E       F      G
               +--------+--------+--------+--------+--------+-----+--------+
         Total |  12235 |  11651 |    584 |   1561 |   8181 |  11 | 1112.3 |
       Dungeon |  11835 |  11275 |    560 |   1406 |   8098 |   9 | 1315.0 |
        Temple |    100 |     76 |     24 |      0 |      0 |   1 |  100.0 |
         Sewer |    299 |    299 |      0 |    155 |     82 |   1 |  299.0 |
               +--------+--------+--------+--------+--------+-----+--------+

Top non-repeatable levels by time:
     D:7: 2099 daAuts
     D:3: 1914 daAuts
     D:2: 1669 daAuts
     D:8: 1614 daAuts
     D:1: 1357 daAuts
     D:5: 951 daAuts
     D:6: 917 daAuts
     D:4: 847 daAuts
     D:9: 463 daAuts
   Sewer: 299 daAuts
  Temple: 100 daAuts
